Devils vs Maple Leafs

Created - 2 mars 2022 at 16:54

Goals
1 2 3 T
Devils 1 1 1 3
Maple Leafs 2 0 2 4
Shots
1 2 3 T
Devils 10 6 5 21
Maple Leafs 12 9 11 32

GoalsPenalties
1st period
1. Devils , Mason Appleton 10 (Jimmy Vesey 4) at 5:51
2. Maple Leafs , Eric Staal 3 (Jaccob Slavin 27, Dougie Hamilton 51) at 13:25
3. Maple Leafs , Rudolfs Balcers 8 (Pius Suter 20, Erik Karlsson 34) at 14:58 (PP)
Brendan Gallagher (TOR) for Interference (Minor) at 9:03
Nicolas Roy (NJD) for Roughing (Minor) at 14:40
Taylor Hall (TOR) for Tripping (Minor) at 16:10
Travis Dermott (NJD) for Tripping (Minor) at 18:17
2nd period
4. Devils , Nicolas Roy 13 (Charlie McAvoy 49, Tim Stutzle 28) at 9:15
Rudolfs Balcers (TOR) for Interference (Minor) at 2:22
3rd period
5. Maple Leafs , Erik Karlsson 12 (Eric Staal 5, Max Domi 21) at 8:28 (PP)
6. Maple Leafs , Greg Pateryn 2 (Brendan Gallagher 22, Noel Acciari 15) at 11:47
7. Devils , Chandler Stephenson 20 (Josh Anderson 11) at 16:02
Noel Acciari (TOR) for Diving (Minor) at 2:56
Tim Stutzle (NJD) for Hooking (Minor) at 2:56
Tim Stutzle (NJD) for Interference (Minor) at 7:31
Tim Stutzle (NJD) for Holding (Minor) at 8:41
Goalie Stats
Braden Holtby (NJD), 28 saves from 32 shots - (0,875), L, 15-13-2, 60:00 minutes
Aaron Dell (TOR), 18 saves from 21 shots - (0,857), W, 4-6-2, 60:00 minutes
3 StarsOfficial
1 - Eric Staal (TOR)
2 - Dougie Hamilton (TOR)
3 - Erik Karlsson (TOR)
Referees : Tim Peel and Dave Jackson
Linesman : Trent Knorr and Brad Lazarowich
Game Note
No Game Note



Team Name Goals Shots Shots Attemp Shots Blocked PIM HIT PP PK FO%
Devils 32146510260 / 3 (0%)245%
Maple Leafs 43258118232 / 4 (50%)055%

Devils
Player Name POS G A P +/- PIM HIT SHT SB MP PP MP PP SHT PK MP PK SHT FO% FOT
Adrian KempeC/LW/RW0000011014:000:0000:0000% 1
Alexander BarabanovLW0000002011:490:0000:000100% 1
Anthony DeAngeloD000-1000020:212:0100:0000% 0
Chandler StephensonC/LW1010017021:263:1213:01041% 32
Charlie McAvoyD0111011323:012:4512:2600% 0
Colin MillerD0001010017:090:4402:4700% 0
Jason SpezzaC/RW0000000016:350:0002:12048% 21
Jimmy VeseyLW/RW011100008:500:0003:0100% 0
Joe ThorntonC/LW000101105:490:0000:00050% 8
Joel FarabeeLW/RW0000012016:452:4510:00033% 3
Johnny BoychukD000-1090023:213:1202:4700% 0
Josh AndersonLW/RW0110021018:563:1200:0000% 1
Mason AppletonC/LW/RW101100108:010:0002:1200% 0
Michael Del ZottoD0001040122:303:1202:2600% 0
Nicolas RoyC1010202016:012:4510:00050% 16
Rickard RakellC/LW/RW0000000019:533:1200:000100% 1
Tim StutzleLW0110603014:392:4510:0000% 1
Travis DermottD0001250113:370:0000:0000% 0
Maple Leafs
Player Name POS G A P +/- PIM HIT SHT SB MP PP MP PP SHT PK MP PK SHT FO% FOT
Alexander RadulovLW/RW0001024016:222:2810:0000% 0
Brendan GallagherRW0111210020:262:4500:0000% 1
Dougie HamiltonD0110071222:590:0003:1300% 0
Eric StaalC1121011116:392:4500:00053% 19
Erik KarlssonD112-1003020:142:2810:0000% 0
Greg PaterynD1010011114:020:0002:4400% 0
Jaccob SlavinD0110010222:590:0003:1300% 0
Jake EvansC/RW000-1011010:220:0003:18056% 9
Jake GardinerD0000000014:392:4500:0000% 0
Marcus PetterssonD000-1020419:540:0002:4400% 0
Max DomiC/LW011-1001010:062:4500:00060% 10
Michael GrabnerLW/RW000-2002012:320:0002:39050% 2
Noel AcciariC/LW0111224019:300:0002:39068% 28
Patrik LaineLW/RW0001014117:592:2810:0000% 1
Pius SuterC011-2012011:372:2800:00036% 11
Rudolfs BalcersLW101-2215011:362:2830:00067% 3
Taylor HallLW0001203020:262:4520:0000% 1
William CarrierLW000-102009:380:0003:1800% 0

Devils

5 vs 5 Forward
Line #Left WingCenterRight WingPHYDFOFWanted %Time %Time Play
1Rickard RakellChandler StephensonJosh Anderson1133233%15:13
2Joel FarabeeJason SpezzaAdrian Kempe0143030%13:52
3Tim StutzleNicolas RoyAlexander Barabanov0232525%11:49
4Jimmy VeseyJoe ThorntonMason Appleton1221312%5:49
5 vs 5 Defense
Line #DefenseDefensePHYDFOFWanted %Time %Time Play
1Charlie McAvoyMichael Del Zotto0234035%16:13
2Anthony DeAngeloJohnny Boychuk0234034%15:54
3Colin MillerTravis Dermott2302029%13:38
4Charlie McAvoyAnthony DeAngelo12202%0:58
Power Play Forward
Line #Left WingCenterRight WingPHYDFOFWanted %Time %Time Play
1Rickard RakellChandler StephensonJosh Anderson0055554%3:12
2Tim StutzleNicolas RoyJoel Farabee0234546%2:45
Power Play Defense
Line #DefenseDefensePHYDFOFWanted %Time %Time Play
1Charlie McAvoyAnthony DeAngelo0145846%2:45
2Johnny BoychukMichael Del Zotto1224254%3:12
Penalty Kill 4 Players Forward
Line #CenterWingPHYDFOFWanted %Time %Time Play
1Chandler StephensonJimmy Vesey1225558%3:01
2Jason SpezzaMason Appleton1224542%2:12
Penalty Kill 4 Players Defense
Line #DefenseDefensePHYDFOFWanted %Time %Time Play
1Charlie McAvoyMichael Del Zotto1225047%2:26
2Colin MillerJohnny Boychuk1225053%2:47
Penalty Kill 3 Players
Line #WingPHYDFOFWanted %Time %Time PlayDefenseDefensePHYDFOFWanted %Time %Time Play
1Chandler Stephenson122600%0:00 Charlie McAvoyJohnny Boychuk122500%0:00
2Mason Appleton122400%0:00 Colin MillerTravis Dermott122500%0:00
4 vs 4 Forward
Line #CenterWingPHYDFOFWanted %Time %Time Play
1Nicolas RoyRickard Rakell1225274%1:28
2Jason SpezzaTim Stutzle1224826%0:31
4 vs 4 Defense
Line #DefensePHYDFOFWanted %Time %Time Play
1Charlie McAvoyMichael Del Zotto1225026%50% - 0:31
2Anthony DeAngeloJohnny Boychuk1225074%50% - 1:28
Last Minutes Offensive
Left WingCenterRight WingDefenseDefense
Rickard RakellJoel FarabeeJosh AndersonCharlie McAvoyMichael Del Zotto
Last Minutes Defensive
Left WingCenterRight WingDefenseDefense
Jimmy VeseyChandler StephensonMason AppletonCharlie McAvoyJohnny Boychuk
Time
Total ForwardTotal DefenseLast Minutes OffensiveLast Minutes Defensive
60:00 60:00 0:080:00
Extra Forwards
Normal PowerPlayPenalty Kill
Josh Anderson, Rickard Rakell, Tim StutzleTim Stutzle, Josh AndersonMason Appleton
Extra Defensemen
Normal PowerPlayPenalty Kill
Anthony DeAngelo, Charlie McAvoy, Johnny BoychukCharlie McAvoy, Travis DermottCharlie McAvoy
Penalty Shots
Tim Stutzle, Rickard Rakell, Nicolas Roy, Josh Anderson, Alexander Barabanov
Goalie
Braden Holtby, Alex Nedeljkovic
Custom OT Lines Forwards
Tim Stutzle, Rickard Rakell, Nicolas Roy, Josh Anderson, Joel Farabee, Jason Spezza, Chandler Stephenson, Alexander Barabanov, Mason Appleton, Adrian Kempe
Custom OT Lines Defensemen
Charlie McAvoy, Anthony DeAngelo, Travis Dermott, Michael Del Zotto, Johnny Boychuk
Scratches
Matt Grzelcyk (Sore Right Knee Injury), Juho Lammikko (Healthy), Dryden Hunt (Healthy), Malcolm Subban (Healthy)

Maple Leafs

5 vs 5 Forward
Line #Left WingCenterRight WingPHYDFOFWanted %Time %Time Play
1Taylor HallNoel AcciariBrendan Gallagher0053536%16:44
2Patrik LaineEric StaalAlexander Radulov0143030%13:54
3Rudolfs BalcersPius SuterMichael Grabner0142020%9:09
4William CarrierMax DomiJake Evans0141514%6:20
5 vs 5 Defense
Line #DefenseDefensePHYDFOFWanted %Time %Time Play
1Jaccob SlavinDougie Hamilton0413534%15:51
2Marcus PetterssonErik Karlsson0233335%16:12
3Jake GardinerGreg Pateryn0502225%11:18
4Jaccob SlavinDougie Hamilton032106%2:46
Power Play Forward
Line #Left WingCenterRight WingPHYDFOFWanted %Time %Time Play
1Max DomiEric StaalBrendan Gallagher0055053%2:45
2Rudolfs BalcersPius SuterAlexander Radulov0055047%2:28
Power Play Defense
Line #DefenseDefensePHYDFOFWanted %Time %Time Play
1Taylor HallJake Gardiner0325053%2:45
2Patrik LaineErik Karlsson0325047%2:28
Penalty Kill 4 Players Forward
Line #CenterWingPHYDFOFWanted %Time %Time Play
1Noel AcciariMichael Grabner0325045%2:39
2Jake EvansWilliam Carrier0415055%3:18
Penalty Kill 4 Players Defense
Line #DefenseDefensePHYDFOFWanted %Time %Time Play
1Marcus PetterssonGreg Pateryn0505046%2:44
2Jaccob SlavinDougie Hamilton0505054%3:13
Penalty Kill 3 Players
Line #WingPHYDFOFWanted %Time %Time PlayDefenseDefensePHYDFOFWanted %Time %Time Play
1Noel Acciari041500%0:00 Marcus PetterssonGreg Pateryn140500%0:00
2Jake Evans041500%0:00 Jaccob SlavinDougie Hamilton140500%0:00
4 vs 4 Forward
Line #CenterWingPHYDFOFWanted %Time %Time Play
1Taylor HallBrendan Gallagher0145049%0:58
2Max DomiPatrik Laine0145051%1:01
4 vs 4 Defense
Line #DefensePHYDFOFWanted %Time %Time Play
1Jaccob SlavinDougie Hamilton0415051%50% - 1:01
2Marcus PetterssonErik Karlsson0415049%50% - 0:58
Last Minutes Offensive
Left WingCenterRight WingDefenseDefense
Taylor HallEric StaalBrendan GallagherErik KarlssonDougie Hamilton
Last Minutes Defensive
Left WingCenterRight WingDefenseDefense
Michael GrabnerNoel AcciariJake EvansJaccob SlavinDougie Hamilton
Time
Total ForwardTotal DefenseLast Minutes OffensiveLast Minutes Defensive
60:00 60:00 0:000:44
Extra Forwards
Normal PowerPlayPenalty Kill
Patrik Laine, Taylor Hall, Brendan GallagherAlexander Radulov, Rudolfs BalcersPatrik Laine
Extra Defensemen
Normal PowerPlayPenalty Kill
Erik Karlsson, Dougie Hamilton, Jaccob SlavinMarcus Pettersson, Jaccob SlavinGreg Pateryn
Penalty Shots
Taylor Hall, Patrik Laine, Max Domi, Alexander Radulov, Brendan Gallagher
Goalie
Aaron Dell, Juuse Saros
Custom OT Lines Forwards
Patrik Laine, Max Domi, Taylor Hall, Brendan Gallagher, Eric Staal, Alexander Radulov, Noel Acciari, Jake Evans, Pius Suter, Rudolfs Balcers
Custom OT Lines Defensemen
Dougie Hamilton, Jaccob Slavin, Erik Karlsson, Greg Pateryn, Marcus Pettersson
Scratches
Brendan Smith (Healthy), Antoine Roussel (Healthy), Ondrej Kase (Healthy)


Play-by-Play

1st period


0:01 of 1st period - Noel Acciari wins face-off versus Chandler Stephenson in neutral zone.
1:55 of 1st period - Icing by Anthony DeAngelo.
1:56 of 1st period - Jason Spezza wins face-off versus Pius Suter in Devils zone.
1:56 of 1st period - Jason Spezza is hit by Pius Suter.
2:03 of 1st period - Off-side.
2:04 of 1st period - Nicolas Roy wins face-off versus Max Domi in neutral zone.
3:56 of 1st period - Off-side.
3:57 of 1st period - Chandler Stephenson wins face-off versus Eric Staal in neutral zone.
4:00 of 1st period - Alexander Radulov is hit by Josh Anderson and loses puck.
4:22 of 1st period - Patrik Laine is hit by Johnny Boychuk and loses puck.
4:38 of 1st period - Patrik Laine is hit by Johnny Boychuk and loses puck.
4:52 of 1st period - Rickard Rakell is hit by Greg Pateryn and loses puck.
5:05 of 1st period - Shot by Taylor Hall.
5:05 of 1st period - Stopped by Braden Holtby without a rebound.
5:06 of 1st period - Jake Evans wins face-off versus Jason Spezza in Devils zone.
5:41 of 1st period - Icing by Jake Evans.
5:42 of 1st period - Max Domi wins face-off versus Joe Thornton in Maple Leafs zone.
5:42 of 1st period - Jake Evans is hit by Joe Thornton and loses puck.
5:47 of 1st period - Shot by Jimmy Vesey.
5:47 of 1st period - Shot Blocked by Dougie Hamilton.
5:49 of 1st period - Shot by Jimmy Vesey.
5:49 of 1st period - Shot Misses the Net.
5:51 of 1st period - Shot by Mason Appleton.
5:51 of 1st period - Goal by Mason Appleton - Devils : 1 - Maple Leafs : 0.
5:52 of 1st period - Nicolas Roy wins face-off versus Noel Acciari in neutral zone.
6:07 of 1st period - Shot by Alexander Barabanov.
6:07 of 1st period - Stopped by Aaron Dell without a rebound.
6:08 of 1st period - Jason Spezza wins face-off versus Pius Suter in Maple Leafs zone.
6:22 of 1st period - Adrian Kempe is hit by Rudolfs Balcers and loses puck.
6:41 of 1st period - Shot by Pius Suter.
6:41 of 1st period - Stopped by Braden Holtby without a rebound.
6:42 of 1st period - Joe Thornton wins face-off versus Noel Acciari in Devils zone.
7:03 of 1st period - Anthony DeAngelo is hit by Dougie Hamilton and loses puck.
7:17 of 1st period - Jimmy Vesey is hit by Dougie Hamilton and loses puck.
7:20 of 1st period - Shot by Joe Thornton.
7:20 of 1st period - Stopped by Aaron Dell without a rebound.
7:21 of 1st period - Eric Staal wins face-off versus Nicolas Roy in Maple Leafs zone.
7:46 of 1st period - Shot by Alexander Radulov.
7:46 of 1st period - Shot Misses the Net.
7:48 of 1st period - Shot by Alexander Radulov.
7:48 of 1st period - Stopped by Braden Holtby without a rebound.
7:49 of 1st period - Pius Suter wins face-off versus Chandler Stephenson in Devils zone.
7:58 of 1st period - Shot by Pius Suter.
7:58 of 1st period - Deflect By Rudolfs Balcers.
7:58 of 1st period - Stopped by Braden Holtby with a rebound.
8:08 of 1st period - Shot by Chandler Stephenson.
8:08 of 1st period - Stopped by Aaron Dell with a rebound.
9:03 of 1st period - Minor Penalty to Brendan Gallagher for Interference.
9:04 of 1st period - Jake Evans wins face-off versus Nicolas Roy in Maple Leafs zone.
9:38 of 1st period - Shot by Tim Stutzle.
9:38 of 1st period - Stopped by Aaron Dell without a rebound.
9:39 of 1st period - Noel Acciari wins face-off versus Chandler Stephenson in Maple Leafs zone.
10:11 of 1st period - Shot by Chandler Stephenson.
10:11 of 1st period - Shot Blocked by Dougie Hamilton.
10:31 of 1st period - Shot by Joel Farabee.
10:31 of 1st period - Stopped by Aaron Dell without a rebound.
10:32 of 1st period - Nicolas Roy wins face-off versus Jake Evans in Maple Leafs zone.
10:51 of 1st period - Shot by Nicolas Roy.
10:51 of 1st period - Stopped by Aaron Dell without a rebound.
10:52 of 1st period - Chandler Stephenson wins face-off versus Jake Evans in Maple Leafs zone.
11:21 of 1st period - Jake Gardiner is hit by Travis Dermott and loses puck.
11:39 of 1st period - Shot by Mason Appleton.
11:39 of 1st period - Shot Misses the Net.
12:41 of 1st period - Icing by Charlie McAvoy.
12:42 of 1st period - Alexander Barabanov wins face-off versus Max Domi in Devils zone.
12:42 of 1st period - Alexander Barabanov is hit by William Carrier.
12:53 of 1st period - Shot by Alexander Barabanov.
12:53 of 1st period - Stopped by Aaron Dell without a rebound.
12:54 of 1st period - Chandler Stephenson wins face-off versus Eric Staal in Maple Leafs zone.
13:25 of 1st period - Shot by Eric Staal.
13:25 of 1st period - Goal by Eric Staal - Devils : 1 - Maple Leafs : 1.
13:26 of 1st period - Noel Acciari wins face-off versus Joel Farabee in neutral zone.
13:43 of 1st period - Shot by Brendan Gallagher.
13:43 of 1st period - Deflect By Taylor Hall.
13:43 of 1st period - Shot Blocked by Travis Dermott.
13:45 of 1st period - Shot by Noel Acciari.
13:45 of 1st period - Stopped by Braden Holtby without a rebound.
13:46 of 1st period - Max Domi wins face-off versus Nicolas Roy in Devils zone.
13:46 of 1st period - Greg Pateryn is hit by Michael Del Zotto and loses puck.
14:10 of 1st period - Jake Gardiner is hit by Michael Del Zotto and loses puck.
14:21 of 1st period - Shot by Max Domi.
14:21 of 1st period - Stopped by Braden Holtby with a rebound.
14:24 of 1st period - Icing by Tim Stutzle.
14:25 of 1st period - Noel Acciari wins face-off versus Nicolas Roy in Devils zone.
14:25 of 1st period - Noel Acciari is hit by Michael Del Zotto.
14:40 of 1st period - Minor Penalty to Nicolas Roy for Roughing.
14:41 of 1st period - Chandler Stephenson wins face-off versus Pius Suter in Devils zone.
14:56 of 1st period - Shot by Pius Suter.
14:56 of 1st period - Shot Misses the Net.
14:58 of 1st period - Shot by Rudolfs Balcers.
14:58 of 1st period - Goal by Rudolfs Balcers - Devils : 1 - Maple Leafs : 2.
14:59 of 1st period - Noel Acciari wins face-off versus Jason Spezza in neutral zone.
15:22 of 1st period - Shot by Dougie Hamilton.
15:22 of 1st period - Stopped by Braden Holtby without a rebound.
15:23 of 1st period - Chandler Stephenson wins face-off versus Eric Staal in Devils zone.
15:43 of 1st period - Charlie McAvoy is hit by Alexander Radulov and loses puck.
16:03 of 1st period - Shot by Patrik Laine.
16:03 of 1st period - Stopped by Braden Holtby without a rebound.
16:04 of 1st period - Noel Acciari wins face-off versus Jason Spezza in Devils zone.
16:09 of 1st period - Shot by Noel Acciari.
16:09 of 1st period - Shot Misses the Net.
16:10 of 1st period - Minor Penalty to Taylor Hall for Tripping.
16:11 of 1st period - Noel Acciari wins face-off versus Nicolas Roy in Maple Leafs zone.
16:11 of 1st period - Noel Acciari is hit by Joel Farabee.
16:42 of 1st period - Anthony DeAngelo is hit by Dougie Hamilton and loses puck.
17:21 of 1st period - Shot by Chandler Stephenson.
17:21 of 1st period - Stopped by Aaron Dell without a rebound.
17:22 of 1st period - Noel Acciari wins face-off versus Chandler Stephenson in Maple Leafs zone.
18:10 of 1st period - Shot by Tim Stutzle.
18:10 of 1st period - Stopped by Aaron Dell with a rebound.
18:17 of 1st period - Minor Penalty to Travis Dermott for Tripping.
18:18 of 1st period - Eric Staal wins face-off versus Chandler Stephenson in Devils zone.
18:42 of 1st period - Icing by Jake Gardiner.
18:43 of 1st period - Chandler Stephenson wins face-off versus Eric Staal in Maple Leafs zone.
19:00 of 1st period - Shot by Brendan Gallagher.
19:00 of 1st period - Shot Blocked by Michael Del Zotto.
19:41 of 1st period - Shot by Rudolfs Balcers.
19:41 of 1st period - Stopped by Braden Holtby without a rebound.
19:42 of 1st period - Chandler Stephenson wins face-off versus Pius Suter in Devils zone.
19:42 of 1st period - Jimmy Vesey is hit by Alexander Radulov and loses puck.
19:58 of 1st period - Shot by Rudolfs Balcers.
19:58 of 1st period - Stopped by Braden Holtby without a rebound.
19:59 of 1st period - Jason Spezza wins face-off versus Eric Staal in Devils zone.
Goals for this period are 1 for Devils vs 2 for Maple Leafs.
Shots for this period are 10 for Devils vs 12 for Maple Leafs.

2nd period


0:01 of 2nd period - Max Domi wins face-off versus Chandler Stephenson in neutral zone.
0:27 of 2nd period - Shot by Pius Suter.
0:27 of 2nd period - Stopped by Braden Holtby without a rebound.
0:28 of 2nd period - Nicolas Roy wins face-off versus Patrik Laine in Devils zone.
1:25 of 2nd period - Off-side.
1:26 of 2nd period - Noel Acciari wins face-off versus Josh Anderson in neutral zone.
1:39 of 2nd period - Shot by Rickard Rakell.
1:39 of 2nd period - Shot Blocked by Greg Pateryn.
2:22 of 2nd period - Minor Penalty to Rudolfs Balcers for Interference.
2:23 of 2nd period - Joel Farabee wins face-off versus Jake Evans in Maple Leafs zone.
2:39 of 2nd period - Icing by Nicolas Roy.
2:40 of 2nd period - Jake Evans wins face-off versus Joel Farabee in Devils zone.
3:06 of 2nd period - Shot by Charlie McAvoy.
3:06 of 2nd period - Stopped by Aaron Dell without a rebound.
3:07 of 2nd period - Noel Acciari wins face-off versus Chandler Stephenson in Maple Leafs zone.
3:20 of 2nd period - Dougie Hamilton is hit by Josh Anderson and loses puck.
3:32 of 2nd period - Icing by Chandler Stephenson.
3:33 of 2nd period - Jake Evans wins face-off versus Chandler Stephenson in Devils zone.
3:33 of 2nd period - Marcus Pettersson is hit by Johnny Boychuk and loses puck.
3:45 of 2nd period - Jake Evans is hit by Johnny Boychuk and loses puck.
3:55 of 2nd period - William Carrier is hit by Michael Del Zotto and loses puck.
3:58 of 2nd period - Shot by Jake Evans.
3:58 of 2nd period - Shot Misses the Net.
4:25 of 2nd period - Joel Farabee is hit by Jaccob Slavin and loses puck.
4:29 of 2nd period - Icing by Jaccob Slavin.
4:30 of 2nd period - Eric Staal wins face-off versus Adrian Kempe in Maple Leafs zone.
4:43 of 2nd period - Shot by Eric Staal.
4:43 of 2nd period - Deflect By Patrik Laine.
4:43 of 2nd period - Stopped by Braden Holtby without a rebound.
4:44 of 2nd period - Noel Acciari wins face-off versus Nicolas Roy in Devils zone.
5:44 of 2nd period - Icing by Rudolfs Balcers.
5:45 of 2nd period - Pius Suter wins face-off versus Jason Spezza in Maple Leafs zone.
5:49 of 2nd period - Icing by Michael Grabner.
5:50 of 2nd period - Jason Spezza wins face-off versus Pius Suter in Maple Leafs zone.
5:51 of 2nd period - Shot by Joel Farabee.
5:51 of 2nd period - Shot Blocked by Jaccob Slavin.
5:53 of 2nd period - Shot by Adrian Kempe.
5:53 of 2nd period - Shot Hit the Post.
5:59 of 2nd period - Shot by Joel Farabee.
5:59 of 2nd period - Stopped by Aaron Dell with a rebound.
6:17 of 2nd period - Icing by Travis Dermott.
6:18 of 2nd period - Jason Spezza wins face-off versus Noel Acciari in Devils zone.
6:35 of 2nd period - Icing by Joel Farabee.
6:36 of 2nd period - Eric Staal wins face-off versus Jason Spezza in Devils zone.
7:22 of 2nd period - Colin Miller is hit by Patrik Laine and loses puck.
7:34 of 2nd period - Icing by Colin Miller.
7:35 of 2nd period - Jason Spezza wins face-off versus Noel Acciari in Devils zone.
8:00 of 2nd period - Shot by Josh Anderson.
8:00 of 2nd period - Shot Blocked by Marcus Pettersson.
9:15 of 2nd period - Shot by Nicolas Roy.
9:15 of 2nd period - Goal by Nicolas Roy - Devils : 2 - Maple Leafs : 2.
9:16 of 2nd period - Joe Thornton wins face-off versus Eric Staal in neutral zone.
9:26 of 2nd period - Off-side.
9:27 of 2nd period - Max Domi wins face-off versus Joe Thornton in neutral zone.
9:35 of 2nd period - Off-side.
9:36 of 2nd period - Noel Acciari wins face-off versus Chandler Stephenson in neutral zone.
9:38 of 2nd period - Jaccob Slavin is hit by Travis Dermott and loses puck.
9:43 of 2nd period - Shot by Brendan Gallagher.
9:43 of 2nd period - Deflect By Taylor Hall.
9:43 of 2nd period - Shot Misses the Net.
9:45 of 2nd period - Shot by Noel Acciari.
9:45 of 2nd period - Stopped by Braden Holtby without a rebound.
9:46 of 2nd period - Eric Staal wins face-off versus Jason Spezza in Devils zone.
9:46 of 2nd period - Jaccob Slavin is hit by Johnny Boychuk and loses puck.
9:50 of 2nd period - Alexander Radulov is hit by Johnny Boychuk and loses puck.
10:01 of 2nd period - Shot by Patrik Laine.
10:01 of 2nd period - Stopped by Braden Holtby without a rebound.
10:02 of 2nd period - Noel Acciari wins face-off versus Chandler Stephenson in Devils zone.
10:02 of 2nd period - Noel Acciari is hit by Charlie McAvoy.
10:04 of 2nd period - Shot by Taylor Hall.
10:04 of 2nd period - Shot Misses the Net.
11:00 of 2nd period - Joel Farabee is hit by Noel Acciari and loses puck.
11:16 of 2nd period - Patrik Laine is hit by Johnny Boychuk.
11:27 of 2nd period - Off-side.
11:28 of 2nd period - Max Domi wins face-off versus Nicolas Roy in neutral zone.
11:33 of 2nd period - Nicolas Roy is hit by William Carrier and loses puck.
12:01 of 2nd period - Shot by Jake Evans.
12:01 of 2nd period - Shot Misses the Net.
12:59 of 2nd period - Shot by Chandler Stephenson.
12:59 of 2nd period - Shot Blocked by Jaccob Slavin.
13:10 of 2nd period - Chandler Stephenson is hit by Dougie Hamilton and loses puck.
13:47 of 2nd period - Shot by Adrian Kempe.
13:47 of 2nd period - Shot Misses the Net.
14:05 of 2nd period - Shot by Brendan Gallagher.
14:05 of 2nd period - Shot Misses the Net.
14:09 of 2nd period - Shot by Noel Acciari.
14:09 of 2nd period - Stopped by Braden Holtby without a rebound.
14:10 of 2nd period - Joe Thornton wins face-off versus Pius Suter in Devils zone.
14:25 of 2nd period - Shot by Michael Grabner.
14:25 of 2nd period - Shot Misses the Net.
14:28 of 2nd period - Icing by Travis Dermott.
14:29 of 2nd period - Joe Thornton wins face-off versus Jake Evans in Devils zone.
15:18 of 2nd period - Shot by Josh Anderson.
15:18 of 2nd period - Shot Misses the Net.
15:20 of 2nd period - Shot by Josh Anderson.
15:20 of 2nd period - Stopped by Aaron Dell without a rebound.
15:21 of 2nd period - Jason Spezza wins face-off versus Noel Acciari in Maple Leafs zone.
15:49 of 2nd period - Icing by Charlie McAvoy.
15:50 of 2nd period - Eric Staal wins face-off versus Jason Spezza in Devils zone.
15:51 of 2nd period - Shot by Alexander Radulov.
15:51 of 2nd period - Stopped by Braden Holtby without a rebound.
15:52 of 2nd period - Chandler Stephenson wins face-off versus Rudolfs Balcers in Devils zone.
16:23 of 2nd period - Shot by Michael Grabner.
16:23 of 2nd period - Shot Misses the Net.
16:33 of 2nd period - Shot by Rudolfs Balcers.
16:33 of 2nd period - Stopped by Braden Holtby with a rebound.
16:35 of 2nd period - Shot by Michael Grabner.
16:35 of 2nd period - Stopped by Braden Holtby without a rebound.
16:36 of 2nd period - Noel Acciari wins face-off versus Jason Spezza in Devils zone.
16:39 of 2nd period - Shot by Brendan Gallagher.
16:39 of 2nd period - Deflect By Noel Acciari.
16:39 of 2nd period - Shot Blocked by Charlie McAvoy.
17:41 of 2nd period - Tim Stutzle is hit by Noel Acciari.
17:57 of 2nd period - Shot by Tim Stutzle.
17:57 of 2nd period - Shot Blocked by Marcus Pettersson.
18:03 of 2nd period - Shot by Tim Stutzle.
18:03 of 2nd period - Stopped by Aaron Dell without a rebound.
18:04 of 2nd period - Rudolfs Balcers wins face-off versus Chandler Stephenson in Maple Leafs zone.
18:22 of 2nd period - Shot by Michael Grabner.
18:22 of 2nd period - Stopped by Braden Holtby without a rebound.
18:23 of 2nd period - Eric Staal wins face-off versus Joe Thornton in Devils zone.
19:28 of 2nd period - Shot by Chandler Stephenson.
19:28 of 2nd period - Stopped by Aaron Dell without a rebound.
19:29 of 2nd period - Noel Acciari wins face-off versus Jason Spezza in Maple Leafs zone.
19:39 of 2nd period - Icing by Taylor Hall.
19:40 of 2nd period - Noel Acciari wins face-off versus Chandler Stephenson in Maple Leafs zone.
19:54 of 2nd period - Josh Anderson is hit by Dougie Hamilton.
Goals for this period are 1 for Devils vs 0 for Maple Leafs.
Shots for this period are 6 for Devils vs 9 for Maple Leafs.

3rd period


0:01 of 3rd period - Noel Acciari wins face-off versus Chandler Stephenson in neutral zone.
0:15 of 3rd period - Brendan Gallagher is hit by Johnny Boychuk and loses puck.
0:39 of 3rd period - Anthony DeAngelo is hit by Dougie Hamilton and loses puck.
1:39 of 3rd period - Shot by Adrian Kempe.
1:39 of 3rd period - Stopped by Aaron Dell with a rebound.
2:03 of 3rd period - Icing by Jason Spezza.
2:04 of 3rd period - Max Domi wins face-off versus Jason Spezza in Devils zone.
2:34 of 3rd period - Dougie Hamilton is hit by Travis Dermott and loses puck.
2:56 of 3rd period - Minor Penalty to Noel Acciari for Diving.
2:56 of 3rd period - Minor Penalty to Tim Stutzle for Hooking.
2:57 of 3rd period - Nicolas Roy wins face-off versus Taylor Hall in neutral zone.
4:10 of 3rd period - Shot by Patrik Laine.
4:10 of 3rd period - Deflect By Max Domi.
4:10 of 3rd period - Shot Misses the Net.
5:02 of 3rd period - Icing by Travis Dermott.
5:03 of 3rd period - Michael Grabner wins face-off versus Joe Thornton in Devils zone.
5:11 of 3rd period - Pius Suter is hit by Travis Dermott and loses puck.
5:41 of 3rd period - Shot by Jimmy Vesey.
5:41 of 3rd period - Shot Misses the Net.
5:43 of 3rd period - Shot by Jimmy Vesey.
5:43 of 3rd period - Deflect By Joe Thornton.
5:43 of 3rd period - Shot Misses the Net.
5:45 of 3rd period - Shot by Colin Miller.
5:45 of 3rd period - Shot Misses the Net.
6:19 of 3rd period - Shot by Noel Acciari.
6:19 of 3rd period - Stopped by Braden Holtby without a rebound.
6:20 of 3rd period - Chandler Stephenson wins face-off versus Eric Staal in Devils zone.
6:39 of 3rd period - Shot by Rickard Rakell.
6:39 of 3rd period - Shot Blocked by Eric Staal.
6:41 of 3rd period - Shot by Johnny Boychuk.
6:41 of 3rd period - Shot Misses the Net.
6:43 of 3rd period - Shot by Chandler Stephenson.
6:43 of 3rd period - Stopped by Aaron Dell without a rebound.
6:44 of 3rd period - Jason Spezza wins face-off versus Noel Acciari in Maple Leafs zone.
7:20 of 3rd period - Off-side.
7:21 of 3rd period - Eric Staal wins face-off versus Nicolas Roy in neutral zone.
7:25 of 3rd period - Dougie Hamilton is hit by Travis Dermott and loses puck.
7:31 of 3rd period - Minor Penalty to Tim Stutzle for Interference.
7:32 of 3rd period - Pius Suter wins face-off versus Chandler Stephenson in Devils zone.
7:41 of 3rd period - Shot by Alexander Radulov.
7:41 of 3rd period - Stopped by Braden Holtby with a rebound.
7:49 of 3rd period - Taylor Hall is hit by Chandler Stephenson.
8:28 of 3rd period - Shot by Erik Karlsson.
8:28 of 3rd period - Goal by Erik Karlsson - Devils : 2 - Maple Leafs : 3.
8:29 of 3rd period - Nicolas Roy wins face-off versus Max Domi in neutral zone.
8:38 of 3rd period - Shot by Tim Stutzle.
8:38 of 3rd period - Shot Misses the Net.
8:41 of 3rd period - Minor Penalty to Tim Stutzle for Holding.
8:42 of 3rd period - Chandler Stephenson wins face-off versus Max Domi in Devils zone.
8:42 of 3rd period - Chandler Stephenson is hit by Eric Staal.
8:56 of 3rd period - Shot by Patrik Laine.
8:56 of 3rd period - Shot Blocked by Charlie McAvoy.
9:10 of 3rd period - Shot by Erik Karlsson.
9:10 of 3rd period - Shot Misses the Net.
10:02 of 3rd period - Shot by Taylor Hall.
10:02 of 3rd period - Stopped by Braden Holtby without a rebound.
10:03 of 3rd period - Pius Suter wins face-off versus Chandler Stephenson in Devils zone.
10:04 of 3rd period - Shot by Jake Gardiner.
10:04 of 3rd period - Shot Misses the Net.
10:10 of 3rd period - Pius Suter is hit by Johnny Boychuk.
10:16 of 3rd period - Shot by Taylor Hall.
10:16 of 3rd period - Stopped by Braden Holtby without a rebound.
10:17 of 3rd period - Chandler Stephenson wins face-off versus Brendan Gallagher in Devils zone.
10:39 of 3rd period - Shot by Patrik Laine.
10:39 of 3rd period - Stopped by Braden Holtby without a rebound.
10:40 of 3rd period - Rudolfs Balcers wins face-off versus Chandler Stephenson in Devils zone.
11:17 of 3rd period - Shot by Pius Suter.
11:17 of 3rd period - Shot Misses the Net.
11:23 of 3rd period - Shot by Pius Suter.
11:23 of 3rd period - Shot Blocked by Charlie McAvoy.
11:25 of 3rd period - Shot by Michael Grabner.
11:25 of 3rd period - Shot Misses the Net.
11:43 of 3rd period - Shot by Brendan Gallagher.
11:43 of 3rd period - Shot Misses the Net.
11:45 of 3rd period - Shot by Brendan Gallagher.
11:45 of 3rd period - Shot Misses the Net.
11:47 of 3rd period - Shot by Greg Pateryn.
11:47 of 3rd period - Goal by Greg Pateryn - Devils : 2 - Maple Leafs : 4.
11:48 of 3rd period - Eric Staal wins face-off versus Chandler Stephenson in neutral zone.
11:51 of 3rd period - Shot by Erik Karlsson.
11:51 of 3rd period - Stopped by Braden Holtby with a rebound.
12:26 of 3rd period - Shot by Alexander Radulov.
12:26 of 3rd period - Shot Misses the Net.
12:41 of 3rd period - Chandler Stephenson is hit by Brendan Gallagher and loses puck.
15:16 of 3rd period - Off-side.
15:17 of 3rd period - Jason Spezza wins face-off versus Michael Grabner in neutral zone.
15:20 of 3rd period - Rudolfs Balcers is hit by Adrian Kempe and loses puck.
15:39 of 3rd period - Shot by Joel Farabee.
15:39 of 3rd period - Shot Misses the Net.
15:54 of 3rd period - Icing by Erik Karlsson.
15:55 of 3rd period - Chandler Stephenson wins face-off versus Pius Suter in Maple Leafs zone.
15:56 of 3rd period - Shot by Josh Anderson.
15:56 of 3rd period - Shot Blocked by Marcus Pettersson.
15:58 of 3rd period - Shot by Josh Anderson.
15:58 of 3rd period - Shot Blocked by Marcus Pettersson.
16:00 of 3rd period - Shot by Chandler Stephenson.
16:00 of 3rd period - Shot Misses the Net.
16:02 of 3rd period - Shot by Chandler Stephenson.
16:02 of 3rd period - Goal by Chandler Stephenson - Devils : 3 - Maple Leafs : 4.
16:03 of 3rd period - Chandler Stephenson wins face-off versus Eric Staal in neutral zone.
16:22 of 3rd period - Shot by Chandler Stephenson.
16:22 of 3rd period - Shot Misses the Net.
16:24 of 3rd period - Shot by Chandler Stephenson.
16:24 of 3rd period - Stopped by Aaron Dell without a rebound.
16:25 of 3rd period - Nicolas Roy wins face-off versus Noel Acciari in Maple Leafs zone.
16:39 of 3rd period - Dougie Hamilton is hit by Colin Miller and loses puck.
16:47 of 3rd period - Icing by Nicolas Roy.
16:48 of 3rd period - Nicolas Roy wins face-off versus Eric Staal in Devils zone.
17:07 of 3rd period - Shot by Tim Stutzle.
17:07 of 3rd period - Shot Misses the Net.
17:23 of 3rd period - Shot by Alexander Radulov.
17:23 of 3rd period - Stopped by Braden Holtby with a rebound.
17:25 of 3rd period - Shot by Erik Karlsson.
17:25 of 3rd period - Stopped by Braden Holtby without a rebound.
17:26 of 3rd period - Rickard Rakell wins face-off versus Noel Acciari in Devils zone.
17:36 of 3rd period - Icing by Jaccob Slavin.
17:37 of 3rd period - Jason Spezza wins face-off versus Noel Acciari in Maple Leafs zone.
17:37 of 3rd period - Adrian Kempe is hit by Dougie Hamilton and loses puck.
17:44 of 3rd period - Shot by Dougie Hamilton.
17:44 of 3rd period - Shot Misses the Net.
17:55 of 3rd period - Off-side.
17:56 of 3rd period - Eric Staal wins face-off versus Chandler Stephenson in neutral zone.
18:04 of 3rd period - Chandler Stephenson is hit by Marcus Pettersson and loses puck.
18:12 of 3rd period - Rickard Rakell is hit by Marcus Pettersson and loses puck.
18:15 of 3rd period - Shot by Chandler Stephenson.
18:15 of 3rd period - Shot Blocked by Patrik Laine.
18:17 of 3rd period - Shot by Chandler Stephenson.
18:17 of 3rd period - Stopped by Aaron Dell without a rebound.
18:18 of 3rd period - Noel Acciari wins face-off versus Jason Spezza in Maple Leafs zone.
18:26 of 3rd period - Off-side.
18:27 of 3rd period - Noel Acciari wins face-off versus Chandler Stephenson in neutral zone.
18:34 of 3rd period - Shot by Brendan Gallagher.
18:34 of 3rd period - Deflect By Noel Acciari.
18:34 of 3rd period - Shot Misses the Net.
19:22 of 3rd period - Johnny Boychuk is hit by Jake Evans and loses puck.
19:49 of 3rd period - Shot by Patrik Laine.
19:49 of 3rd period - Shot Misses the Net.
19:51 of 3rd period - Shot by Jake Evans.
19:51 of 3rd period - Stopped by Braden Holtby without a rebound.
19:52 of 3rd period - Jake Evans wins face-off versus Tim Stutzle in Devils zone.
Goals for this period are 1 for Devils vs 2 for Maple Leafs.
Shots for this period are 5 for Devils vs 11 for Maple Leafs.